[ AOE2 MATCH · #506556753 ]
UnrankedBurgundians vs Sicilians
[ REPLAY ANALYSIS · EXTRACTED FROM THE RECORDED GAME ]
Feudal
11:00
Castle
14:35
Imperial
—
| APM avg | 39.8 |
| APM peak | 92 |
| eAPM avg | 21.6 |
| Villagers / military | 89 / 45 |
Focus
⚔️ 17.9% · 🌾 82.1%
Knight ×36 · Monk ×4 · Spearman ×3 · Scout Cavalry ×2
Feudal
10:27
Castle
14:02
Imperial
30:09
| APM avg | 26.6 |
| APM peak | 76 |
| eAPM avg | 15.7 |
| Villagers / military | 143 / 27 |
Focus
⚔️ 16.7% · 🌾 83.3%
Knight ×23 · Monk ×2 · Battering Ram ×2
Feudal
11:28
Castle
16:33
Imperial
—
| APM avg | 57.8 |
| APM peak | 99 |
| eAPM avg | 14.5 |
| Villagers / military | 68 / 26 |
Focus
⚔️ 17.6% · 🌾 82.4%
Knight ×26
Feudal
12:22
Castle
16:22
Imperial
21:13
| APM avg | 34.9 |
| APM peak | 78 |
| eAPM avg | 16.6 |
| Villagers / military | 68 / 44 |
Focus
⚔️ 22.6% · 🌾 77.4%
Hand Cannoneer ×39 · Bombard Cannon ×4 · Monk ×1
Feudal
10:46
Castle
15:06
Imperial
—
| APM avg | 30.7 |
| APM peak | 62 |
| eAPM avg | 19.5 |
| Villagers / military | 61 / 52 |
Focus
⚔️ 24.3% · 🌾 75.7%
Archer ×28 · Skirmisher ×11 · Petard ×9 · Mameluke ×2 · Monk ×1 · Spearman ×1
Feudal
12:26
Castle
16:23
Imperial
—
| APM avg | 21.2 |
| APM peak | 55 |
| eAPM avg | 15.9 |
| Villagers / military | 115 / 36 |
Focus
⚔️ 24.5% · 🌾 75.5%
Spearman ×34 · Unknown (1968) ×18 · Monk ×1 · Mangonel ×1
Match map
Initial resources + every placement click. Lines = walls · curves = elevation contours. ◆ gold · ⬟ stone · ● berries · ✦ relic · ◌ wall gap
Your base· ✓ Closed at 14:35 · 0t walls · 2 gate(s)
LMG_Leonardo's base· ✓ Closed at 14:02 · 0t walls · 2 gate(s)
CARAVEO's base· ✓ Closed at 16:33 · 0t walls · 2 gate(s)
LMG_SON SABANDIJAS's base· ✓ Closed at 16:22 · 0t walls · 3 gate(s)
Marcusscus's base· ✓ Closed at 15:06 · 0t walls · 2 gate(s)
Sapeee!'s base· ✓ Closed at 16:23 · 4t walls · 5 gate(s)
Smoothed initial terrain · ◌ = detected wall gap · hover for details
Inputs per minute
— LMG_HERA DE TEMU - - LMG_Leonardo
Build order — LMG_HERA DE TEMU
First 150 of 238 actions detected
| 0:02 | Queue | Villager (Male) |
| 0:02 | Queue | Villager (Male) |
| 0:03 | Queue | Villager (Male) |
| 0:03 | Queue | Villager (Male) |
| 0:03 | Queue | Villager (Male) |
| 0:05 | Build | House |
| 0:07 | Build | House |
| 1:36 | Queue | Villager (Male) |
| 1:36 | Queue | Villager (Male) |
| 1:55 | Queue | Villager (Male) |
| 1:55 | Queue | Villager (Male) |
| 1:57 | Build | Lumber Camp |
| 2:15 | Queue | Villager (Male) |
| 2:15 | Queue | Villager (Male) |
| 2:15 | Queue | Villager (Male) |
| 2:34 | Queue | Villager (Male) |
| 2:34 | Queue | Villager (Male) |
| 2:34 | Queue | Villager (Male) |
| 2:56 | Queue | Villager (Male) |
| 2:57 | Queue | Villager (Male) |
| 2:57 | Queue | Villager (Male) |
| 3:33 | Build | House |
| 3:34 | Build | House |
| 3:46 | Queue | Villager (Male) |
| 3:46 | Queue | Villager (Male) |
| 3:47 | Queue | Villager (Male) |
| 3:47 | Queue | Villager (Male) |
| 3:53 | Build | House |
| 3:54 | Build | House |
| 4:15 | Queue | Villager (Male) |
| 4:15 | Queue | Villager (Male) |
| 4:31 | Build | Mill |
| 4:43 | Queue | Villager (Male) |
| 4:43 | Queue | Villager (Male) |
| 4:43 | Queue | Villager (Male) |
| 5:22 | Queue | Villager (Male) |
| 5:23 | Queue | Villager (Male) |
| 5:54 | Build | Mill |
| 6:13 | Queue | Villager (Male) |
| 6:14 | Queue | Villager (Male) |
| 6:39 | Queue | Villager (Male) |
| 6:39 | Queue | Villager (Male) |
| 6:44 | Queue | Villager (Male) |
| 6:53 | Build | Farm |
| 6:55 | Build | Farm |
| 7:27 | Build | Farm |
| 7:34 | Queue | Villager (Male) |
| 7:34 | Queue | Villager (Male) |
| 8:27 | Build | Mining Camp |
| 8:50 | Research | Feudal Age |
| 9:08 | Build | Farm |
| 9:22 | Queue | Villager (Male) |
| 9:22 | Queue | Villager (Male) |
| 11:00 | Age | Feudal Age |
| 11:04 | Build | Market |
| 11:12 | Build | Blacksmith |
| 11:55 | Research | Castle Age |
| 11:55 | Research | Castle Age |
| 11:55 | Research | Castle Age |
| 12:03 | Build | House |
| 12:35 | Build | Barracks |
| 12:51 | Research | Double-Bit Axe |
| 12:51 | Research | Double-Bit Axe |
| 12:51 | Research | Double-Bit Axe |
| 13:13 | Queue | Villager (Male) |
| 13:13 | Queue | Villager (Male) |
| 13:42 | Research | Horse Collar |
| 14:35 | Age | Castle Age |
| 14:38 | Build | Stable |
| 14:51 | Queue | Spearman |
| 14:58 | Build | Monastery |
| 15:16 | Queue | Spearman |
| 15:19 | Research | Cavalier (upgrade) |
| 15:22 | Build | House |
| 15:26 | Build | Farm |
| 15:27 | Build | Farm |
| 15:29 | Build | Farm |
| 15:34 | Queue | Villager (Male) |
| 15:34 | Queue | Villager (Male) |
| 15:34 | Queue | Villager (Male) |
| 15:40 | Queue | Monk |
| 15:42 | Queue | Monk |
| 15:51 | Build | Farm |
| 15:55 | Build | Farm |
| 15:58 | Queue | Villager (Male) |
| 15:58 | Queue | Villager (Male) |
| 16:09 | Build | House |
| 16:39 | Queue | Spearman |
| 16:42 | Queue | Villager (Male) |
| 16:43 | Queue | Villager (Male) |
| 16:44 | Build | Farm |
| 16:45 | Build | Farm |
| 16:49 | Build | Farm |
| 16:50 | Build | Farm |
| 17:00 | Queue | Villager (Male) |
| 17:01 | Queue | Villager (Male) |
| 17:06 | Build | Farm |
| 17:35 | Queue | Monk |
| 17:47 | Queue | Villager (Male) |
| 17:47 | Queue | Villager (Male) |
| 17:47 | Queue | Villager (Male) |
| 17:50 | Build | Farm |
| 17:51 | Build | Farm |
| 17:54 | Build | Farm |
| 18:07 | Queue | Monk |
| 18:23 | Build | Farm |
| 18:24 | Build | Farm |
| 18:30 | Queue | Villager (Male) |
| 18:31 | Queue | Villager (Male) |
| 18:34 | Build | Farm |
| 18:36 | Build | Farm |
| 18:39 | Queue | Villager (Male) |
| 18:39 | Queue | Villager (Male) |
| 18:52 | Build | House |
| 18:53 | Build | House |
| 18:55 | Build | House |
| 19:11 | Queue | Villager (Male) |
| 19:12 | Queue | Villager (Male) |
| 19:26 | Build | House |
| 19:27 | Build | House |
| 19:34 | Build | Farm |
| 19:36 | Build | Farm |
| 19:48 | Build | House |
| 20:28 | Build | Farm |
| 20:32 | Build | Farm |
| 20:33 | Build | Farm |
| 20:41 | Queue | Knight |
| 20:41 | Queue | Knight |
| 20:48 | Research | Scale Barding Armor |
| 21:13 | Queue | Knight |
| 21:14 | Queue | Knight |
| 21:19 | Queue | Villager (Male) |
| 21:19 | Queue | Villager (Male) |
| 21:22 | Build | Farm |
| 21:27 | Build | Farm |
| 21:28 | Build | Farm |
| 21:29 | Build | Farm |
| 21:31 | Queue | Villager (Male) |
| 21:31 | Queue | Villager (Male) |
| 21:52 | Build | Stable |
| 21:55 | Queue | Knight |
| 21:55 | Queue | Knight |
| 22:24 | Research | Loom |
| 22:31 | Research | Gold Mining |
| 22:43 | Queue | Villager (Male) |
| 22:43 | Queue | Villager (Male) |
| 22:44 | Queue | Villager (Male) |
| 22:50 | Build | Stable |
| 23:10 | Research | Husbandry |
| 23:14 | Research | Chain Barding Armor |
Build order — LMG_Leonardo
First 150 of 294 actions detected
| 0:01 | Queue | Villager (Male) |
| 0:01 | Queue | Villager (Male) |
| 0:01 | Queue | Villager (Male) |
| 0:02 | Queue | Villager (Male) |
| 0:03 | Build | House |
| 0:04 | Build | House |
| 0:55 | Queue | Villager (Male) |
| 0:56 | Queue | Villager (Male) |
| 1:30 | Queue | Villager (Male) |
| 1:30 | Queue | Villager (Male) |
| 1:46 | Build | Lumber Camp |
| 2:02 | Queue | Villager (Male) |
| 2:02 | Queue | Villager (Male) |
| 2:16 | Queue | Villager (Male) |
| 2:45 | Queue | Villager (Male) |
| 3:01 | Queue | Villager (Male) |
| 3:01 | Queue | Villager (Male) |
| 3:34 | Queue | Villager (Male) |
| 3:34 | Queue | Villager (Male) |
| 3:38 | Build | House |
| 3:39 | Build | House |
| 3:59 | Queue | Villager (Male) |
| 3:59 | Queue | Villager (Male) |
| 4:04 | Build | Mill |
| 4:09 | Build | House |
| 4:32 | Queue | Villager (Male) |
| 5:01 | Queue | Villager (Male) |
| 5:01 | Queue | Villager (Male) |
| 5:01 | Queue | Villager (Male) |
| 6:00 | Queue | Villager (Male) |
| 6:00 | Queue | Villager (Male) |
| 6:01 | Queue | Villager (Male) |
| 6:01 | Queue | Villager (Male) |
| 6:01 | Queue | Villager (Male) |
| 7:11 | Queue | Villager (Male) |
| 7:17 | Build | Mining Camp |
| 7:48 | Queue | Villager (Male) |
| 8:11 | Research | Feudal Age |
| 8:43 | Queue | Villager (Male) |
| 8:44 | Queue | Villager (Male) |
| 9:22 | Build | Farm |
| 9:37 | Build | Farm |
| 9:45 | Build | Farm |
| 10:27 | Age | Feudal Age |
| 10:29 | Build | Market |
| 10:34 | Build | Blacksmith |
| 11:10 | Research | Loom |
| 11:37 | Research | Castle Age |
| 12:09 | Research | Double-Bit Axe |
| 12:20 | Build | House |
| 12:22 | Build | House |
| 13:23 | Queue | Villager (Male) |
| 13:23 | Queue | Villager (Male) |
| 13:27 | Research | Horse Collar |
| 13:37 | Build | Farm |
| 13:41 | Build | Farm |
| 13:49 | Build | Farm |
| 14:02 | Age | Castle Age |
| 14:04 | Build | Town Center |
| 14:08 | Build | Monastery |
| 14:32 | Queue | Villager (Male) |
| 14:38 | Research | Bow Saw |
| 14:51 | Queue | Villager (Male) |
| 15:03 | Build | Farm |
| 15:05 | Build | Farm |
| 15:14 | Build | Farm |
| 15:16 | Queue | Villager (Male) |
| 15:25 | Queue | Villager (Male) |
| 15:31 | Build | Farm |
| 15:33 | Build | Farm |
| 15:41 | Queue | Monk |
| 15:44 | Build | Farm |
| 15:47 | Build | Farm |
| 15:50 | Queue | Villager (Male) |
| 15:57 | Build | House |
| 15:59 | Build | House |
| 16:00 | Build | House |
| 16:02 | Build | House |
| 16:06 | Build | House |
| 16:11 | Queue | Villager (Male) |
| 16:12 | Queue | Villager (Male) |
| 16:18 | Queue | Villager (Male) |
| 16:32 | Queue | Villager (Male) |
| 16:32 | Queue | Villager (Male) |
| 16:48 | Queue | Villager (Male) |
| 16:48 | Queue | Villager (Male) |
| 16:52 | Build | Farm |
| 16:52 | Build | Farm |
| 16:58 | Queue | Villager (Male) |
| 16:58 | Queue | Villager (Male) |
| 17:02 | Build | Farm |
| 17:02 | Build | Farm |
| 17:06 | Build | Farm |
| 17:06 | Build | Farm |
| 17:08 | Queue | Villager (Male) |
| 17:09 | Queue | Villager (Male) |
| 17:18 | Queue | Monk |
| 17:36 | Queue | Villager (Male) |
| 17:36 | Queue | Villager (Male) |
| 17:36 | Queue | Villager (Male) |
| 17:40 | Build | Farm |
| 17:48 | Build | Farm |
| 17:53 | Queue | Villager (Male) |
| 17:54 | Queue | Villager (Male) |
| 17:54 | Queue | Villager (Male) |
| 17:57 | Build | Barracks |
| 17:59 | Queue | Villager (Male) |
| 17:59 | Queue | Villager (Male) |
| 18:08 | Build | Farm |
| 18:29 | Queue | Villager (Male) |
| 18:30 | Queue | Villager (Male) |
| 18:31 | Queue | Villager (Male) |
| 18:31 | Queue | Villager (Male) |
| 18:31 | Queue | Villager (Male) |
| 18:43 | Build | Farm |
| 18:43 | Build | Farm |
| 18:43 | Build | Farm |
| 18:51 | Build | Farm |
| 18:54 | Queue | Villager (Male) |
| 19:00 | Build | Farm |
| 19:06 | Build | House |
| 19:07 | Build | House |
| 19:08 | Build | House |
| 19:08 | Build | House |
| 19:12 | Queue | Villager (Male) |
| 19:13 | Queue | Villager (Male) |
| 19:23 | Build | Stable |
| 19:39 | Queue | Villager (Male) |
| 19:39 | Queue | Villager (Male) |
| 19:45 | Research | Scale Barding Armor |
| 19:50 | Research | Forging |
| 19:52 | Queue | Villager (Male) |
| 19:53 | Queue | Villager (Male) |
| 19:53 | Queue | Villager (Male) |
| 20:05 | Build | Farm |
| 20:08 | Build | Farm |
| 20:11 | Queue | Villager (Male) |
| 20:18 | Build | House |
| 20:22 | Queue | Villager (Male) |
| 20:22 | Queue | Villager (Male) |
| 20:43 | Queue | Villager (Male) |
| 20:44 | Queue | Villager (Male) |
| 20:48 | Build | Stable |
| 20:54 | Research | Chain Barding Armor |
| 21:07 | Build | Town Center |
| 21:15 | Queue | Villager (Male) |
| 21:15 | Queue | Villager (Male) |
| 21:35 | Queue | Villager (Male) |
| 21:35 | Queue | Villager (Male) |
| 21:48 | Build | Stable |
Build order — CARAVEO
First 150 of 169 actions detected
| 0:03 | Build | House |
| 0:04 | Build | House |
| 0:04 | Queue | Villager (Male) |
| 0:05 | Queue | Villager (Male) |
| 0:27 | Queue | Villager (Male) |
| 0:27 | Queue | Villager (Male) |
| 0:27 | Queue | Villager (Male) |
| 0:44 | Research | Loom |
| 1:33 | Queue | Villager (Male) |
| 1:36 | Build | Lumber Camp |
| 1:59 | Queue | Villager (Male) |
| 2:22 | Queue | Villager (Male) |
| 2:54 | Queue | Villager (Male) |
| 2:54 | Queue | Villager (Male) |
| 3:41 | Queue | Villager (Male) |
| 3:50 | Queue | Villager (Male) |
| 4:25 | Build | Mill |
| 4:37 | Queue | Villager (Male) |
| 4:38 | Queue | Villager (Male) |
| 4:43 | Build | House |
| 5:05 | Queue | Villager (Male) |
| 5:05 | Queue | Villager (Male) |
| 5:30 | Queue | Villager (Male) |
| 5:48 | Queue | Villager (Male) |
| 5:48 | Queue | Villager (Male) |
| 5:52 | Queue | Villager (Male) |
| 6:15 | Queue | Villager (Male) |
| 6:15 | Queue | Villager (Male) |
| 6:20 | Build | House |
| 6:36 | Queue | Villager (Male) |
| 6:40 | Build | House |
| 6:51 | Queue | Villager (Male) |
| 6:51 | Queue | Villager (Male) |
| 7:07 | Build | House |
| 7:12 | Queue | Villager (Male) |
| 7:12 | Queue | Villager (Male) |
| 7:23 | Queue | Villager (Male) |
| 7:29 | Queue | Villager (Male) |
| 7:37 | Queue | Villager (Male) |
| 7:49 | Build | Farm |
| 7:51 | Build | Farm |
| 7:52 | Build | Farm |
| 8:05 | Queue | Villager (Male) |
| 8:14 | Build | Farm |
| 9:16 | Build | Mining Camp |
| 9:18 | Research | Feudal Age |
| 9:41 | Build | Mill |
| 10:55 | Build | Barracks |
| 11:28 | Age | Feudal Age |
| 11:31 | Build | Blacksmith |
| 11:34 | Queue | Villager (Male) |
| 11:35 | Queue | Villager (Male) |
| 11:39 | Build | Market |
| 11:43 | Queue | Villager (Male) |
| 12:09 | Build | Farm |
| 12:28 | Queue | Villager (Male) |
| 12:43 | Build | Farm |
| 12:45 | Build | Farm |
| 13:07 | Queue | Villager (Male) |
| 13:21 | Build | Farm |
| 13:38 | Build | Farm |
| 13:53 | Research | Castle Age |
| 14:25 | Research | Double-Bit Axe |
| 15:36 | Research | Horse Collar |
| 15:41 | Build | Farm |
| 15:42 | Build | Farm |
| 16:25 | Queue | Villager (Male) |
| 16:33 | Age | Castle Age |
| 16:40 | Queue | Villager (Male) |
| 16:41 | Queue | Villager (Male) |
| 16:49 | Build | Stable |
| 17:10 | Queue | Villager (Male) |
| 17:17 | Build | House |
| 17:21 | Queue | Villager (Male) |
| 17:26 | Build | House |
| 17:30 | Build | House |
| 17:45 | Queue | Villager (Male) |
| 17:56 | Research | Scale Barding Armor |
| 17:59 | Queue | Knight |
| 17:59 | Queue | Knight |
| 17:59 | Queue | Knight |
| 18:19 | Build | Lumber Camp |
| 18:32 | Research | Forging |
| 18:35 | Queue | Knight |
| 19:06 | Build | Stable |
| 19:11 | Queue | Villager (Male) |
| 19:18 | Build | Farm |
| 19:19 | Build | Farm |
| 19:36 | Queue | Villager (Male) |
| 19:40 | Queue | Knight |
| 19:44 | Queue | Villager (Male) |
| 19:46 | Build | Farm |
| 19:48 | Build | Farm |
| 19:55 | Queue | Knight |
| 19:55 | Queue | Knight |
| 19:55 | Queue | Knight |
| 20:23 | Queue | Villager (Male) |
| 20:29 | Build | Farm |
| 20:30 | Build | Farm |
| 20:31 | Build | Farm |
| 20:31 | Queue | Villager (Male) |
| 20:42 | Build | Town Center |
| 20:43 | Queue | Villager (Male) |
| 20:59 | Research | Iron Casting |
| 21:03 | Queue | Knight |
| 21:06 | Build | House |
| 21:07 | Build | House |
| 21:55 | Research | Bloodlines |
| 22:13 | Queue | Knight |
| 22:15 | Build | House |
| 22:48 | Queue | Villager (Male) |
| 22:48 | Queue | Villager (Male) |
| 22:48 | Queue | Villager (Male) |
| 22:48 | Queue | Villager (Male) |
| 23:19 | Queue | Villager (Male) |
| 23:20 | Queue | Villager (Male) |
| 23:20 | Queue | Villager (Male) |
| 23:29 | Build | Farm |
| 23:29 | Build | Farm |
| 23:30 | Build | Farm |
| 23:30 | Build | Farm |
| 23:38 | Queue | Knight |
| 23:38 | Queue | Knight |
| 23:59 | Queue | Villager (Male) |
| 24:00 | Queue | Villager (Male) |
| 24:13 | Build | Farm |
| 24:14 | Build | Farm |
| 24:14 | Build | Farm |
| 24:14 | Build | Farm |
| 24:25 | Build | Farm |
| 24:26 | Build | House |
| 24:29 | Build | House |
| 24:44 | Queue | Knight |
| 24:44 | Queue | Knight |
| 24:45 | Queue | Knight |
| 24:54 | Queue | Villager (Male) |
| 24:55 | Queue | Villager (Male) |
| 25:00 | Build | Lumber Camp |
| 25:02 | Queue | Villager (Male) |
| 25:18 | Queue | Knight |
| 25:19 | Queue | Knight |
| 25:35 | Queue | Villager (Male) |
| 25:35 | Queue | Villager (Male) |
| 25:36 | Queue | Villager (Male) |
| 25:49 | Build | Farm |
| 25:57 | Research | Heavy Plow |
| 26:13 | Queue | Knight |
| 26:14 | Queue | Knight |
| 26:14 | Queue | Knight |
| 26:15 | Queue | Knight |
Build order — LMG_SON SABANDIJAS
First 150 of 197 actions detected
| 0:00 | Queue | Villager (Male) |
| 0:01 | Queue | Villager (Male) |
| 0:01 | Queue | Villager (Male) |
| 0:02 | Build | House |
| 0:04 | Build | House |
| 0:05 | Queue | Villager (Male) |
| 0:05 | Queue | Villager (Male) |
| 1:14 | Queue | Villager (Male) |
| 1:47 | Build | Lumber Camp |
| 1:55 | Queue | Villager (Male) |
| 1:56 | Queue | Villager (Male) |
| 2:24 | Queue | Villager (Male) |
| 2:25 | Queue | Villager (Male) |
| 2:39 | Queue | Villager (Male) |
| 2:40 | Queue | Villager (Male) |
| 2:54 | Queue | Villager (Male) |
| 2:55 | Queue | Villager (Male) |
| 3:33 | Build | House |
| 3:34 | Build | House |
| 3:57 | Queue | Villager (Male) |
| 3:57 | Queue | Villager (Male) |
| 3:57 | Queue | Villager (Male) |
| 4:05 | Build | Mill |
| 4:14 | Build | House |
| 4:32 | Queue | Villager (Male) |
| 4:32 | Queue | Villager (Male) |
| 4:48 | Build | House |
| 4:51 | Build | House |
| 4:59 | Queue | Villager (Male) |
| 4:59 | Queue | Villager (Male) |
| 4:59 | Queue | Villager (Male) |
| 5:00 | Queue | Villager (Male) |
| 5:45 | Queue | Villager (Male) |
| 5:45 | Queue | Villager (Male) |
| 5:45 | Queue | Villager (Male) |
| 5:45 | Queue | Villager (Male) |
| 6:06 | Queue | Villager (Male) |
| 6:06 | Queue | Villager (Male) |
| 6:32 | Build | Lumber Camp |
| 6:38 | Build | Lumber Camp |
| 6:42 | Queue | Villager (Male) |
| 6:42 | Queue | Villager (Male) |
| 6:55 | Queue | Villager (Male) |
| 6:56 | Queue | Villager (Male) |
| 7:20 | Queue | Villager (Male) |
| 7:21 | Queue | Villager (Male) |
| 7:53 | Queue | Villager (Male) |
| 7:53 | Queue | Villager (Male) |
| 8:11 | Build | Mining Camp |
| 8:40 | Queue | Villager (Male) |
| 8:47 | Build | Farm |
| 8:48 | Queue | Villager (Male) |
| 9:02 | Build | Farm |
| 9:03 | Queue | Villager (Male) |
| 9:19 | Build | Farm |
| 9:24 | Build | Farm |
| 9:38 | Research | Feudal Age |
| 11:22 | Queue | Villager (Male) |
| 11:23 | Queue | Villager (Male) |
| 12:15 | Queue | Villager (Male) |
| 12:22 | Age | Feudal Age |
| 12:25 | Build | Market |
| 12:27 | Build | Blacksmith |
| 12:33 | Research | Double-Bit Axe |
| 12:34 | Research | Horse Collar |
| 12:40 | Build | Farm |
| 12:49 | Build | Farm |
| 12:51 | Build | Farm |
| 13:29 | Build | House |
| 13:42 | Research | Castle Age |
| 13:42 | Research | Castle Age |
| 13:59 | Build | Farm |
| 14:57 | Build | Farm |
| 15:13 | Build | Farm |
| 15:47 | Queue | Villager (Male) |
| 15:47 | Queue | Villager (Male) |
| 15:54 | Build | Farm |
| 16:22 | Age | Castle Age |
| 16:23 | Queue | Villager (Male) |
| 16:33 | Build | Siege Workshop |
| 16:41 | Build | Monastery |
| 17:17 | Build | Farm |
| 17:29 | Build | House |
| 17:37 | Build | Stone Wall |
| 18:03 | Research | Imperial Age |
| 18:03 | Research | Imperial Age |
| 18:30 | Build | Barracks |
| 18:34 | Build | House |
| 18:56 | Build | Gate |
| 19:03 | Queue | Monk |
| 19:23 | Build | House |
| 19:27 | Build | House |
| 20:14 | Build | Archery Range |
| 20:33 | Build | House |
| 20:37 | Build | House |
| 20:50 | Build | Gate |
| 20:57 | Build | Stone Wall |
| 21:06 | Research | Padded Archer Armor |
| 21:13 | Age | Imperial Age |
| 21:14 | Queue | Bombard Cannon |
| 21:14 | Queue | Bombard Cannon |
| 21:14 | Queue | Bombard Cannon |
| 21:18 | Queue | Hand Cannoneer |
| 21:18 | Queue | Hand Cannoneer |
| 21:18 | Queue | Hand Cannoneer |
| 21:22 | Build | Farm |
| 21:40 | Queue | Villager (Male) |
| 21:40 | Queue | Villager (Male) |
| 21:41 | Queue | Villager (Male) |
| 21:47 | Build | Archery Range |
| 22:39 | Queue | Hand Cannoneer |
| 22:39 | Queue | Hand Cannoneer |
| 23:12 | Queue | Hand Cannoneer |
| 23:13 | Queue | Hand Cannoneer |
| 23:17 | Build | House |
| 23:25 | Queue | Hand Cannoneer |
| 23:25 | Queue | Hand Cannoneer |
| 23:36 | Build | House |
| 24:00 | Queue | Hand Cannoneer |
| 24:00 | Queue | Hand Cannoneer |
| 24:00 | Queue | Hand Cannoneer |
| 24:06 | Queue | Villager (Male) |
| 24:06 | Queue | Villager (Male) |
| 24:06 | Queue | Villager (Male) |
| 24:06 | Queue | Villager (Male) |
| 24:20 | Build | Siege Workshop |
| 24:29 | Build | Farm |
| 24:30 | Queue | Villager (Male) |
| 24:30 | Queue | Villager (Male) |
| 24:34 | Build | Farm |
| 24:34 | Build | Farm |
| 24:34 | Build | Farm |
| 25:01 | Build | Market |
| 25:18 | Queue | Villager (Male) |
| 25:18 | Queue | Villager (Male) |
| 25:27 | Build | Stone Wall |
| 25:32 | Queue | Hand Cannoneer |
| 25:32 | Queue | Hand Cannoneer |
| 25:52 | Build | Farm |
| 25:57 | Queue | Hand Cannoneer |
| 25:57 | Queue | Hand Cannoneer |
| 25:57 | Queue | Hand Cannoneer |
| 25:57 | Queue | Hand Cannoneer |
| 26:23 | Queue | Hand Cannoneer |
| 26:23 | Queue | Hand Cannoneer |
| 26:28 | Build | Farm |
| 26:30 | Build | Farm |
| 26:30 | Build | Farm |
| 26:30 | Build | Farm |
| 26:31 | Queue | Villager (Male) |
Build order — Marcusscus
First 150 of 177 actions detected
| 0:03 | Queue | Villager (Male) |
| 0:05 | Build | House |
| 0:08 | Build | House |
| 0:14 | Queue | Villager (Male) |
| 0:24 | Queue | Villager (Male) |
| 0:24 | Queue | Villager (Male) |
| 1:34 | Queue | Villager (Male) |
| 1:34 | Queue | Villager (Male) |
| 1:34 | Queue | Villager (Male) |
| 1:49 | Build | Lumber Camp |
| 1:55 | Queue | Villager (Male) |
| 1:55 | Queue | Villager (Male) |
| 2:11 | Queue | Villager (Male) |
| 2:11 | Queue | Villager (Male) |
| 2:11 | Queue | Villager (Male) |
| 2:55 | Queue | Villager (Male) |
| 2:55 | Queue | Villager (Male) |
| 2:55 | Queue | Villager (Male) |
| 2:55 | Queue | Villager (Male) |
| 3:26 | Queue | Villager (Male) |
| 3:34 | Queue | Villager (Male) |
| 3:34 | Queue | Villager (Male) |
| 3:49 | Build | House |
| 4:39 | Build | Mill |
| 4:46 | Queue | Villager (Male) |
| 4:46 | Queue | Villager (Male) |
| 4:46 | Queue | Villager (Male) |
| 4:46 | Queue | Villager (Male) |
| 4:50 | Queue | Villager (Male) |
| 4:50 | Queue | Villager (Male) |
| 5:45 | Build | House |
| 6:00 | Queue | Villager (Male) |
| 6:10 | Build | Mill |
| 6:14 | Queue | Villager (Male) |
| 6:54 | Queue | Villager (Male) |
| 7:31 | Build | Lumber Camp |
| 7:52 | Queue | Villager (Male) |
| 8:36 | Research | Feudal Age |
| 8:36 | Research | Feudal Age |
| 9:25 | Build | House |
| 9:48 | Build | Farm |
| 9:52 | Build | Farm |
| 10:08 | Queue | Villager (Male) |
| 10:08 | Queue | Villager (Male) |
| 10:09 | Queue | Villager (Male) |
| 10:46 | Age | Feudal Age |
| 10:49 | Build | Market |
| 10:52 | Build | Blacksmith |
| 10:59 | Build | Mining Camp |
| 11:33 | Build | Farm |
| 11:34 | Build | Farm |
| 12:26 | Research | Castle Age |
| 12:37 | Build | Mining Camp |
| 12:51 | Queue | Villager (Male) |
| 13:07 | Build | Farm |
| 13:11 | Build | Farm |
| 13:14 | Build | Farm |
| 13:59 | Queue | Villager (Male) |
| 14:03 | Research | Stone Mining |
| 14:29 | Build | Barracks |
| 14:42 | Queue | Villager (Male) |
| 14:47 | Build | House |
| 15:06 | Age | Castle Age |
| 15:11 | Queue | Villager (Male) |
| 15:31 | Queue | Spearman |
| 15:46 | Queue | Villager (Male) |
| 15:51 | Research | Loom |
| 16:08 | Queue | Villager (Male) |
| 16:41 | Queue | Villager (Male) |
| 16:51 | Build | Castle |
| 16:54 | Build | Mining Camp |
| 17:11 | Queue | Villager (Male) |
| 17:38 | Queue | Villager (Male) |
| 17:50 | Research | Town Watch |
| 18:10 | Queue | Villager (Male) |
| 18:22 | Queue | Petard |
| 18:44 | Queue | Villager (Male) |
| 19:07 | Queue | Villager (Male) |
| 19:26 | Queue | Villager (Male) |
| 19:29 | Queue | Mameluke |
| 19:29 | Queue | Mameluke |
| 19:45 | Build | Monastery |
| 19:47 | Queue | Villager (Male) |
| 20:15 | Queue | Villager (Male) |
| 20:28 | Queue | Monk |
| 20:44 | Research | Redemption |
| 21:03 | Queue | Villager (Male) |
| 21:21 | Queue | Petard |
| 21:21 | Queue | Petard |
| 21:44 | Queue | Villager (Male) |
| 21:59 | Queue | Villager (Male) |
| 22:04 | Build | Farm |
| 22:05 | Build | Farm |
| 22:05 | Build | Farm |
| 22:07 | Queue | Villager (Male) |
| 22:29 | Queue | Petard |
| 22:30 | Queue | Petard |
| 22:43 | Queue | Villager (Male) |
| 22:56 | Build | Farm |
| 22:57 | Queue | Villager (Male) |
| 23:10 | Queue | Petard |
| 23:10 | Queue | Petard |
| 23:27 | Queue | Petard |
| 23:46 | Queue | Petard |
| 24:00 | Queue | Villager (Male) |
| 24:06 | Build | Archery Range |
| 24:07 | Build | Archery Range |
| 24:11 | Queue | Villager (Male) |
| 24:31 | Build | Lumber Camp |
| 24:40 | Research | Double-Bit Axe |
| 24:40 | Research | Double-Bit Axe |
| 24:44 | Research | Fletching |
| 24:45 | Research | Fletching |
| 25:02 | Queue | Villager (Male) |
| 25:07 | Build | House |
| 25:08 | Build | House |
| 25:17 | Build | Archery Range |
| 25:26 | Build | House |
| 25:27 | Build | House |
| 25:44 | Queue | Archer |
| 25:47 | Build | Archery Range |
| 25:51 | Research | Crossbowman (upgrade) |
| 25:54 | Research | Bodkin Arrow |
| 25:55 | Queue | Villager (Male) |
| 25:58 | Build | House |
| 25:59 | Build | House |
| 26:00 | Build | House |
| 26:04 | Queue | Archer |
| 26:04 | Queue | Archer |
| 26:06 | Research | Padded Archer Armor |
| 26:12 | Queue | Villager (Male) |
| 26:18 | Build | House |
| 26:19 | Queue | Villager (Male) |
| 26:27 | Queue | Archer |
| 26:27 | Queue | Archer |
| 26:27 | Queue | Archer |
| 26:27 | Queue | Archer |
| 26:36 | Queue | Archer |
| 26:36 | Queue | Archer |
| 26:36 | Queue | Archer |
| 26:43 | Queue | Skirmisher |
| 26:43 | Queue | Skirmisher |
| 26:43 | Queue | Skirmisher |
| 26:43 | Queue | Skirmisher |
| 26:43 | Queue | Skirmisher |
| 26:47 | Build | House |
| 26:48 | Build | House |
| 26:55 | Queue | Skirmisher |
| 26:55 | Queue | Skirmisher |
| 27:06 | Build | Farm |
Build order — Sapeee!
First 150 of 283 actions detected
| 0:03 | Queue | Villager (Male) |
| 0:03 | Queue | Villager (Male) |
| 0:04 | Build | House |
| 0:06 | Build | House |
| 0:15 | Queue | Villager (Male) |
| 0:16 | Queue | Villager (Male) |
| 0:16 | Queue | Villager (Male) |
| 1:29 | Queue | Villager (Male) |
| 1:29 | Queue | Villager (Male) |
| 1:57 | Queue | Villager (Male) |
| 1:57 | Queue | Villager (Male) |
| 2:00 | Build | Lumber Camp |
| 2:12 | Queue | Villager (Male) |
| 2:43 | Queue | Villager (Male) |
| 2:44 | Queue | Villager (Male) |
| 2:59 | Queue | Villager (Male) |
| 2:59 | Queue | Villager (Male) |
| 3:01 | Build | House |
| 3:45 | Queue | Villager (Male) |
| 3:45 | Queue | Villager (Male) |
| 4:01 | Build | Palisade Gate |
| 4:04 | Build | Palisade Gate |
| 4:07 | Build | Palisade Gate |
| 4:30 | Build | Palisade Wall |
| 4:41 | Build | Palisade Wall |
| 4:42 | Build | Palisade Wall |
| 4:45 | Build | Palisade Wall |
| 4:51 | Queue | Villager (Male) |
| 4:51 | Queue | Villager (Male) |
| 5:05 | Queue | Villager (Male) |
| 5:06 | Queue | Villager (Male) |
| 5:06 | Queue | Villager (Male) |
| 5:06 | Queue | Villager (Male) |
| 5:16 | Queue | Villager (Male) |
| 5:16 | Queue | Villager (Male) |
| 5:29 | Build | House |
| 6:01 | Build | House |
| 6:15 | Build | Mill |
| 6:31 | Queue | Villager (Male) |
| 6:32 | Queue | Villager (Male) |
| 6:37 | Build | Mill |
| 7:01 | Queue | Villager (Male) |
| 7:01 | Queue | Villager (Male) |
| 7:02 | Queue | Villager (Male) |
| 7:02 | Queue | Villager (Male) |
| 7:02 | Queue | Villager (Male) |
| 7:02 | Queue | Villager (Male) |
| 7:31 | Build | Mining Camp |
| 8:16 | Build | Lumber Camp |
| 8:51 | Build | Farm |
| 9:28 | Build | Farm |
| 9:41 | Research | Feudal Age |
| 10:29 | Build | Farm |
| 10:55 | Queue | Villager (Male) |
| 10:56 | Queue | Villager (Male) |
| 11:16 | Build | Farm |
| 11:19 | Build | Farm |
| 11:31 | Build | Farm |
| 12:26 | Age | Feudal Age |
| 12:31 | Build | Market |
| 12:37 | Build | Blacksmith |
| 12:40 | Build | House |
| 13:04 | Build | Mining Camp |
| 13:18 | Queue | Villager (Male) |
| 13:28 | Build | House |
| 13:29 | Build | House |
| 13:31 | Build | House |
| 13:33 | Research | Double-Bit Axe |
| 13:42 | Research | Castle Age |
| 14:13 | Research | Horse Collar |
| 14:13 | Research | Horse Collar |
| 14:25 | Research | Stone Mining |
| 14:34 | Build | House |
| 14:38 | Build | House |
| 14:39 | Build | House |
| 14:52 | Queue | Villager (Male) |
| 14:52 | Queue | Villager (Male) |
| 15:21 | Build | Lumber Camp |
| 15:34 | Build | House |
| 15:36 | Build | House |
| 15:41 | Research | Gold Mining |
| 15:55 | Research | Wheelbarrow |
| 15:55 | Research | Wheelbarrow |
| 15:57 | Queue | Villager (Male) |
| 15:57 | Queue | Villager (Male) |
| 16:00 | Build | House |
| 16:23 | Age | Castle Age |
| 16:31 | Build | House |
| 16:33 | Build | House |
| 16:56 | Build | Castle |
| 17:00 | Research | Bow Saw |
| 17:03 | Build | House |
| 17:04 | Build | House |
| 17:28 | Build | House |
| 17:30 | Research | Heavy Plow |
| 17:51 | Build | House |
| 18:04 | Queue | Villager (Male) |
| 18:05 | Queue | Villager (Male) |
| 18:05 | Queue | Villager (Male) |
| 18:11 | Build | Farm |
| 18:13 | Build | House |
| 18:15 | Build | House |
| 18:17 | Build | Farm |
| 18:47 | Build | Town Center |
| 18:49 | Build | House |
| 18:50 | Queue | Villager (Male) |
| 18:54 | Research | Fletching |
| 19:14 | Build | House |
| 19:15 | Build | House |
| 19:16 | Build | House |
| 19:23 | Research | Gold Shaft Mining |
| 19:23 | Research | Stone Shaft Mining |
| 19:35 | Queue | Villager (Male) |
| 19:35 | Queue | Villager (Male) |
| 19:41 | Build | Monastery |
| 19:50 | Build | House |
| 20:06 | Build | Farm |
| 20:07 | Queue | Villager (Male) |
| 20:08 | Queue | Villager (Male) |
| 20:17 | Queue | Villager (Male) |
| 20:18 | Queue | Villager (Male) |
| 20:18 | Queue | Villager (Male) |
| 20:18 | Queue | Villager (Male) |
| 20:21 | Build | House |
| 20:22 | Queue | Monk |
| 20:41 | Build | House |
| 20:42 | Build | House |
| 20:48 | Build | Farm |
| 20:51 | Queue | Villager (Male) |
| 20:51 | Queue | Villager (Male) |
| 20:54 | Build | Town Center |
| 20:59 | Queue | Villager (Male) |
| 21:00 | Queue | Villager (Male) |
| 21:10 | Queue | Villager (Male) |
| 21:10 | Queue | Villager (Male) |
| 21:10 | Queue | Villager (Male) |
| 21:14 | Build | Farm |
| 21:27 | Queue | Unit 1968 |
| 21:27 | Queue | Unit 1968 |
| 21:38 | Build | Farm |
| 21:38 | Queue | Villager (Male) |
| 21:39 | Queue | Villager (Male) |
| 21:39 | Queue | Villager (Male) |
| 21:52 | Queue | Villager (Male) |
| 21:52 | Queue | Villager (Male) |
| 22:00 | Queue | Unit 1968 |
| 22:01 | Queue | Unit 1968 |
| 22:01 | Queue | Unit 1968 |
| 22:01 | Queue | Unit 1968 |
| 22:28 | Queue | Villager (Male) |
Match timeline
| 4:30 | Sapeee! · wall_segment Palisade Wall x1 |
| 4:41 | Sapeee! · wall_segment Palisade Wall x1 |
| 4:42 | Sapeee! · wall_segment Palisade Wall x1 |
| 4:45 | Sapeee! · wall_segment Palisade Wall x1 |
| 10:27 | LMG_Leonardo · age_up feudal |
| 10:46 | Marcusscus · age_up feudal |
| 10:55 | CARAVEO · first_building Barracks |
| 11:00 | LMG_HERA DE TEMU · age_up feudal |
| 11:28 | CARAVEO · age_up feudal |
| 12:22 | LMG_SON SABANDIJAS · age_up feudal |
| 12:23 | Marcusscus · first_market_sell 100 stone |
| 12:26 | Sapeee! · age_up feudal |
| 12:35 | LMG_HERA DE TEMU · first_building Barracks |
| 13:19 | LMG_SON SABANDIJAS · first_market_buy 100 food |
| 14:02 | LMG_Leonardo · age_up castle |
| 14:08 | LMG_Leonardo · first_building Monastery |
| 14:29 | Marcusscus · first_building Barracks |
| 14:35 | LMG_HERA DE TEMU · age_up castle |
| 14:36 | LMG_Leonardo · first_market_buy 100 food |
| 14:38 | LMG_HERA DE TEMU · first_building Stable |
| 14:58 | LMG_HERA DE TEMU · first_building Monastery |
| 15:06 | Marcusscus · age_up castle |
| 15:48 | Marcusscus · first_market_buy 100 stone |
| 16:22 | LMG_SON SABANDIJAS · age_up castle |
| 16:23 | Sapeee! · age_up castle |
| 16:33 | CARAVEO · age_up castle |
| 16:33 | LMG_SON SABANDIJAS · first_building Siege Workshop |
| 16:41 | LMG_SON SABANDIJAS · first_building Monastery |
| 16:49 | CARAVEO · first_building Stable |
| 16:51 | Marcusscus · first_building Castle |
| 16:56 | Sapeee! · first_building Castle |
| 17:04 | LMG_SON SABANDIJAS · first_market_sell 100 stone |
| 17:37 | LMG_SON SABANDIJAS · wall_segment Stone Wall x4 |
| 17:57 | LMG_Leonardo · first_building Barracks |
| 18:30 | LMG_SON SABANDIJAS · first_building Barracks |
| 19:23 | LMG_Leonardo · first_building Stable |
| 19:38 | Sapeee! · first_market_buy 100 wood |
| 19:41 | Sapeee! · first_building Monastery |
| 19:45 | Marcusscus · first_building Monastery |
| 20:14 | LMG_SON SABANDIJAS · first_building Archery Range |
| 20:57 | LMG_SON SABANDIJAS · wall_segment Stone Wall x1 |
| 21:13 | LMG_SON SABANDIJAS · age_up imperial |
| 21:39 | LMG_Leonardo · tribute_sent a jugador 2 |
| 21:39 | LMG_Leonardo · tribute_sent a jugador 3 |
| 21:39 | LMG_Leonardo · tribute_sent a jugador 4 |
| 21:39 | LMG_Leonardo · tribute_sent a jugador 5 |
| 21:39 | LMG_Leonardo · tribute_sent a jugador 6 |
| 22:35 | Sapeee! · first_building Barracks |
| 23:09 | LMG_Leonardo · first_building Siege Workshop |
| 24:06 | Marcusscus · first_building Archery Range |
| 25:27 | LMG_SON SABANDIJAS · wall_segment Stone Wall x4 |
| 25:53 | CARAVEO · first_market_sell 500 wood |
| 25:53 | LMG_HERA DE TEMU · tribute_sent a jugador 1 |
| 25:53 | LMG_HERA DE TEMU · tribute_sent a jugador 2 |
| 25:53 | LMG_HERA DE TEMU · tribute_sent a jugador 3 |
| 25:53 | LMG_HERA DE TEMU · tribute_sent a jugador 4 |
| 25:53 | LMG_HERA DE TEMU · tribute_sent a jugador 6 |
| 25:53 | CARAVEO · first_market_buy 100 food |
| 26:12 | Sapeee! · first_building Siege Workshop |
| 28:16 | Sapeee! · wall_segment Palisade Wall x1 |
| 28:31 | Marcusscus · resign |
| 30:09 | LMG_Leonardo · age_up imperial |
[ AI ANALYSIS · 1 CREDIT ]
What really happened in this match?
Wolo.gg analyzes every decision: build order, eco, micro, common mistakes by bracket. Personalized analysis on WhatsApp or Discord in 30 seconds.
Civ guide
Burgundians
Perfil
Jugador #12168959